Map: Central Protocol

Players

Zod

  • Race: Terran Terran
  • League: Silver

ImmortalZodd - Winner!

  • Race: Zerg Zerg
  • League: Silver

VOD

Have the link to the VOD?

Description

Time

  • Played on: Jan. 29, 2016, 9:45 p.m.
  • Length: 13:44
Show
View Real Time Build Order
Export as new Build Order

Zod Terran 

Build Orders: MMM Bio 

Get SALT Encoding   

  12  0:05  SCV  
  13  0:24  Supply Depot  
  13  0:55  Barracks  
  13  0:57  SCV  
  14  1:14  Supply Depot  
  14  1:17  SCV  
  15  1:22  Refinery  
  16  1:42  Orbital Command  
  14  1:47  Engineering Bay  
  14  2:09  Command Center  
  14  2:20  Barracks Tech Lab  
  14  2:31  SCV  
  15  2:41  Refinery  
  15  2:43  SCV  
  16  2:53  Marine  
  16  2:55  SCV  
  18  3:06  Factory  
  18  3:07  SCV  
  19  3:13  Supply Depot  
  19  3:19  SCV  
  20  3:26  SCV  
  21  3:31  SCV  
  22  3:35  Marine  
  22  3:40  Planetary Fortress  
  23  3:43  SCV  
  24  3:49  Missile Turret  
  24  3:53  Factory Tech Lab  
  24  3:55  SCV  
  25  4:04  Barracks  
  25  4:05  Marauder  
  25  4:08  SCV  
  28  4:20  SCV  
  28  4:21  SCV  
  28  4:22  Refinery  
  30  4:32  Missile Turret  
  30  4:33  SCV  
  31  4:45  SCV  
  32  4:50  Siege Tank  
  35  4:55  Barracks Reactor  
  35  4:57  SCV  
  36  5:00  SCV  
  36  5:03  Stimpack  
  36  5:04  Starport  
  37  5:09  SCV  
  38  5:21  SCV  
  39  5:33  SCV  
  40  5:45  SCV  
  40  5:48  Missile Turret, Marauder  
  43  5:50  Marine x2  
  45  5:57  SCV  
  45  6:01  Command Center  
  46  6:08  Marine x2  
  46  6:09  Refinery, Marine  
  46  6:10  SCV  
  50  6:17  Terran Infantry Weapons Level 1  
  50  6:21  Starport Reactor  
  50  6:22  SCV  
  51  6:26  Supply Depot, Marine x2  
  51  6:27  Marine  
  54  6:34  SCV  
  55  6:43  Marine  
  55  6:44  Marine  
  55  6:45  Marauder  
  55  6:46  SCV  
  60  6:48  Engineering Bay  
  60  6:58  SCV  
  60  6:59  Missile Turret  
  60  7:01  Marine x2, Medivac x2  
  65  7:04  Combat Shields  
  67  7:10  SCV  
  68  7:17  Orbital Command  
  68  7:19  Marine  
  68  7:22  SCV, Refinery  
  70  7:31  Medivac  
  70  7:37  Marine x2, Marauder  
  74  7:40  Medivac  
  78  7:47  Supply Depot  
  78  7:50  Siege Tank  
  81  7:52  Armory  
  81  7:54  Marine  
  81  7:58  Marauder  
  84  8:01  Medivac  
  84  8:04  Marine  
  84  8:05  Missile Turret  
  87  8:12  Marine  
  87  8:18  SCV  
  87  8:19  Marauder  
  91  8:22  Marine  
  91  8:23  Concussive Shells  
  92  8:30  SCV, Marine  
  94  8:39  Marine  
  94  8:40  Marine  
  96  8:42  SCV  
  96  8:48  Marine  
  97  8:50  Siege Tank  
  101  9:01  SCV, Marauder, Marine  
  101  9:02  Supply Depot  
  105  9:04  Terran Infantry Weapons Level 2  
  105  9:06  Terran Infantry Armor Level 1, Marine  
  106  9:13  SCV  
  107  9:18  Marine  
  107  9:22  Supply Depot, Marine  
  107  9:23  Siege Tank  
  112  9:31  SCV  
  113  9:40  Marauder  
  113  9:41  Barracks  
  113  9:44  SCV  
  116  9:46  Medivac x2  
  120  9:56  SCV  
  121  10:02  Marauder  
  109  10:15  SCV  
  109  10:16  Medivac  
  109  10:20  Marine x2  
  98  10:22  Marine  
  85  10:33  Siege Tank  
  73  10:38  Marine x2  
  73  10:40  Marine  
  68  10:55  Marine x2  
  45  11:18  Barracks Reactor  
  46  11:22  Bunker  
  46  11:29  Barracks  
  45  11:41  Supply Depot  
  45  11:48  Supply Depot  
  45  11:53  Supply Depot  
  45  11:56  Supply Depot  
  45  12:02  Barracks  
  45  12:03  Marine  
  45  12:08  SCV, Marine  
  48  12:18  Engineering Bay  
  48  12:20  SCV, Marine  
  48  12:26  Marine  
  45  12:32  SCV  
  36  12:38  Marine  
  36  12:43  Marine  
  37  12:52  Barracks  
  37  12:56  Marine  
  38  12:59  Bunker  
  38  13:01  Marine  
  38  13:04  Bunker  
  39  13:10  Barracks  
  39  13:23  Command Center  
Show
View Real Time Build Order
Export as new Build Order

ImmortalZodd Zerg - Winner!

Build Orders: Hatch First 

Get SALT Encoding   

  12  0:02  Drone  
  13  0:10  Drone  
  14  0:15  Extractor  
  14  0:16  Drone  
  15  0:25  Overlord  
  15  0:44  Extractor  
  14  0:51  Hatchery  
  14  0:53  Drone  
  14  1:00  Drone  
  14  1:01  Drone  
  16  1:05  Drone  
  17  1:15  Drone  
  18  1:37  Drone x2  
  20  1:56  Spawning Pool  
  19  2:01  Drone x2  
  19  2:04  Drone  
  22  2:09  Drone  
  22  2:14  Drone  
  24  2:20  Drone  
  25  2:25  Overlord  
  25  2:31  Drone  
  25  2:36  Drone  
  27  2:44  Metabolic Boost  
  27  2:47  Zergling x4  
  27  2:48  Queen  
  27  2:49  Queen  
  33  2:52  Overlord  
  33  2:57  Drone  
  34  3:10  Drone x2  
  36  3:14  Drone  
  37  3:20  Drone  
  37  3:26  Roach Warren  
  37  3:29  Hatchery  
  37  3:30  Extractor  
  37  3:31  Extractor  
  34  3:35  Drone x3  
  37  3:44  Evolution Chamber, Drone  
  37  3:45  Evolution Chamber  
  36  3:50  Zergling x2  
  37  3:58  Drone x2  
  39  4:08  Drone x5  
  44  4:13  Overlord x3  
  44  4:27  Zerg Missile Weapons Level 1  
  44  4:28  Zerg Ground Armor Level 1  
  44  4:33  Roach x3  
  44  4:37  Lair  
  52  4:45  Roach  
  52  4:46  Roach x2  
  52  4:49  Drone  
  52  4:50  Drone  
  52  4:52  Drone  
  59  5:01  Roach x3  
  59  5:06  Drone x3  
  68  5:11  Queen  
  70  5:17  Roach x2  
  73  5:41  Overlord x5  
  73  5:42  Overlord x2  
  73  6:00  Glial Reconstitution  
  73  6:09  Roach x5  
  73  6:10  Roach x4  
  91  6:14  Roach  
  91  6:16  Roach x3  
  91  6:18  Roach  
  101  6:26  Baneling Nest, Zergling x6  
  101  6:31  Drone  
  101  6:32  Drone x2  
  106  6:45  Zergling x6  
  106  6:46  Zergling x2  
  110  6:53  Extractor  
  109  6:58  Roach  
  109  6:59  Roach x7  
  125  7:05  Drone  
  125  7:07  Drone x3  
  129  7:08  Overlord  
  129  7:09  Overlord  
  129  7:14  Baneling  
  129  7:15  Baneling x7  
  129  7:16  Baneling x2  
  129  7:17  Baneling  
  129  7:18  Baneling x2  
  129  7:20  Baneling x2  
  129  7:30  Roach x4  
  129  7:31  Roach  
  129  7:32  Drone  
  129  7:34  Overlord  
  140  7:42  Roach  
  140  7:43  Roach  
  144  7:52  Hydralisk Den  
  144  7:57  Roach  
  144  7:58  Roach x4  
  153  8:11  Overlord x2  
  153  8:12  Overlord x5  
  153  8:33  Roach x6  
  153  8:34  Roach x4  
  173  8:43  Roach  
  173  8:44  Roach x4  
  183  8:49  Roach x2  
  187  9:02  Hydralisk x4  
  189  9:04  Hydralisk  
  197  9:48  Hydralisk  
  132  10:22  Hydralisk x3  
  132  10:23  Hydralisk x12  
  132  10:24  Hydralisk  
  128  10:51  Hydralisk x6  
  140  10:57  Hydralisk  
  142  11:05  Hydralisk x2  
  146  11:40  Hydralisk x6  
  146  11:41  Hydralisk x2  
  162  12:07  Infestation Pit  
  131  12:41  Hydralisk  
  131  12:42  Hydralisk x10  
  153  13:06  Spire  
  152  13:19  Hydralisk  
  152  13:20  Hydralisk x3  
Tags
 
Add a new tag
Caveats
  • Supply blocks, unpowered buildings, or Contaminate may cause inaccurate times.
  • Supply counts are checked every 10 seconds.